 Dungeon Crawl Stone Soup version 0.31-a0-810-ga77100ea1a (webtiles) character file.

Game seed: 15129727704356231008

473 javelincjr the Changeling (level 6, -3/31 HPs)
             Began as a Spriggan Shapeshifter on Sept 21, 2023.
             Succumbed to a water moccasin's poison
             ... on level 5 of the Dungeon.
             The game lasted 00:17:02 (3446 turns).

javelincjr the Changeling (Spriggan Shapeshifter)   Turns: 3446, Time: 00:17:02

Health: -3/31      AC:  5    Str: 12    XL:     6   Next: 84%
Magic:  7/7        EV: 18    Int: 12    God:
Gold:   201        SH:  0    Dex: 14    Spells: 5/5 levels left

rFire   . . .        p - melded +2 quarterstaff (chaos)
rCold   . . .        (shield currently unavailable)
rNeg    . . .        a - +0 animal skin
rPois   .            (helmet restricted)
rElec   .            q - +2 cloak {Will+}
rCorr   .            (gloves unavailable)
SInv    +            (boots unavailable)
Will    ++...        (no amulet)
Stlth   +            (no ring)
HPRegen 0.25/turn    (no ring)
MPRegen 0.10/turn

%: no passive effects
@: lethally poisoned (-3 -> -18), flux-form, glowing, very quick
A: glow, contaminating, reduced hp, very small, no large weapons, unfitting
armour, see invisible, speed 3
a: Begin Untransformation


You were on level 5 of the Dungeon.
You were something dangerously unstable.
You visited 1 branch of the dungeon, and saw 5 of its levels.

You collected 201 gold pieces.

Inventory:

Hand Weapons
 l - a +1 short sword of venom
 p - a +2 quarterstaff of chaos (melded)
 s - a +2 hand axe of venom
Armour
 a - a +0 animal skin (worn)
 q - a +2 cloak of willpower (worn)
Talismans
 c - a beast talisman
 d - a flux talisman (active)
 h - a serpent talisman
Wands
 n - a wand of flame (16)
Scrolls
 g - 4 scrolls of amnesia
 j - a scroll of revelation
 m - a scroll of fear {unknown}
 o - 2 scrolls of brand weapon
 t - 2 scrolls of teleportation
 v - a scroll of enchant weapon {unknown}
 y - a scroll of identify
Potions
 b - 2 potions of lignification
 e - 4 potions of enlightenment
 f - a potion of mutation
 i - 2 potions of might
 r - a potion of curing {unknown}
 u - 2 potions of berserk rage
 w - a potion of degeneration {unknown}
 x - a potion of haste {unknown}


   Skills:
 + Level 2.6 Fighting
 + Level 4.9 Dodging
 + Level 3.6 Unarmed Combat
 * Level 6.7 Shapeshifting


You had 5 spell levels left.
You didn't know any spells.
Your spell library contained the following spells:

 Spells                   Type           Power      Damage    Failure   Level
 Cigotuvi's Dreadful Rot  Necr/Pois/Air  0%         N/A       45%         2
 Ignite Poison            Fire/Tmut/Pois 0%         N/A       69%         3
 Freezing Cloud           Conj/Ice/Air   0%         6-21      100%        5


Dungeon Overview and Level Annotations

Branches:
Dungeon (5/15)
 Temple: D:4-7

Altars:
Dithmenos
Okawaru
Trog

Shops:
D:2 [


Innate Abilities, Weirdness & Mutations

You are something dangerously unstable.
You glow with magical radiation, making you easy to see and hit.
Foes you strike become dangerously contaminated with magical radiation.
Your maximum health is decreased, since you lack skill for your form.
You are incapable of wielding weapons or throwing items.
You are very small and have problems with some larger weapons.
You are too small for most types of armour.
You have supernaturally acute eyesight. (SInv)
You cover ground extremely quickly. (Speed+++)


Message History

The gnoll shudders as magic cascades through it!!
You kill the gnoll!
You see here a +0 halberd.
Done exploring.
Done exploring.
Done exploring.
Search for what [Enter for "."]? .
Done exploring.
Done exploring.
There is a stone staircase leading down here.
You climb downwards.
Found a scroll of identify and 14 gold pieces.
Found an escape hatch in the ceiling.
There is a stone staircase leading up here.
Found a stone staircase leading down.
y - a scroll of identify
Found a stone staircase leading down.
You now have 201 gold pieces (gained 14).
A water moccasin comes into view.
The water moccasin hisses angrily.
The water moccasin barely misses you.
You miss the water moccasin.
The water moccasin bites you but does no damage.
You miss the water moccasin. The water moccasin bites you!
You are poisoned.
The water moccasin poisons you!
You closely miss the water moccasin.
You feel sick. The water moccasin bites you! The water moccasin bites you.
You are lethally poisoned!
The water moccasin poisons you!
You are too injured to fight recklessly!
You are too injured to fight recklessly!
* * * LOW HITPOINT WARNING * * *
You feel very sick.
* * * LOW HITPOINT WARNING * * *
You feel very sick.
* * * LOW HITPOINT WARNING * * *
You feel sick.
It was a potion of cancellation.
You feel magically purged.
You die...

. ...
######.....
#..........
##S###.....
#.# ### #p#
#.# #.# #.#
#.#
#.###########
#...........#
###########.#
#.######


You could see a water moccasin.

Vanquished Creatures
  Sigmund (D:2)
  A jelly (D:4)
  An orc priest (D:3)
  A hound (D:4)
  Crazy Yiuf (D:2)
  3 orc wizards
  3 gnolls (D:4)
  An adder (D:2)
  A worm (D:2)
  A dart slug (D:4)
  14 orcs
  6 endoplasms
  2 giant cockroaches (D:2)
  4 goblins
  5 hobgoblins
  3 jackals (D:4)
  A quokka (D:1)
  3 ball pythons
  5 bats
  A frilled lizard (D:1)
  11 kobolds
  3 rats
72 creatures vanquished.

Vanquished Creatures (others)
  A wizard (D:3)
1 creature vanquished.

Grand Total: 73 creatures vanquished

Notes
Turn   | Place    | Note
-------+----------+-------------------------------------------
     0 | D:1      | javelincjr the Spriggan Shapeshifter began the quest for
                  | the Orb.
     0 | D:1      | Reached XP level 1. HP: 9/9 MP: 2/2
   155 | D:1      | Reached skill level 1 in Fighting
   158 | D:1      | Reached XP level 2. HP: 12/14 MP: 3/3
   547 | D:1      | Found a faded altar of an unknown god.
   881 | D:2      | Found Mukluapo's Armour Emporium.
   903 | D:2      | Reached XP level 3. HP: 17/18 MP: 4/4
   929 | D:2      | Noticed Sigmund
   947 | D:2      | Killed Sigmund
   948 | D:2      | Reached skill level 5 in Shapeshifting
   948 | D:2      | Reached XP level 4. HP: 18/23 MP: 5/5
   948 | D:2      | Reached XP level 5. HP: 20/26 MP: 6/6
  1057 | D:2      | Found a runed translucent door.
  1058 | D:2      | Noticed Crazy Yiuf
  1073 | D:2      | Killed Crazy Yiuf
  1700 | D:3      | Reached skill level 6 in Shapeshifting
  1704 | D:3      | Reached XP level 6. HP: 8/30 MP: 7/7
  2287 | D:3      | Found a bloodstained altar of Trog.
  2288 | D:3      | Noticed a wizard
  2297 | D:3      | Killed a wizard
  2518 | D:4      | Found an iron altar of Okawaru.
  2935 | D:4      | Found a shadowy altar of Dithmenos.
  3399 | D:5      | Entered Level 5 of the Dungeon
  3436 | D:5      | Noticed a water moccasin
  3445 | D:5      | HP: 1/31 [poisoned by a water moccasin]
  3446 | D:5      | Succumbed to a water moccasin's poison

Illustrated notes

Levels and vault maps discovered:
D:1:      minmay_arrival_shoal_huts, layout_loops_cross,
          dreamdust_ecumenical_altar_angels_and_demons,
          amcnicky_mini_corridor_feature
D:2:      layout_basic, serial_shops, shop, serial_park_tiny_pond,
          uniq_crazy_yiuf_cottage, uniq_sigmund
D:3:      cheibrodos_pilgrimage, layout_loops_cross, trog_wizard,
          kennysheep_generic_room_9
D:4:      layout_cave_pods, grunt_dithmenos_smoke_and_mirrors,
          lemuel_crystal_altar
D:5:      layout_basic, worldfamousw_hep_ancestral_shrine, elyvilon_altar_5,
          chequers_serial_rivers_small_a

Skill      XL: |  1  2  3  4  5 |
---------------+----------------+-----
Fighting       | 1 2 |  2.6
Dodging        | 3 4 |  4.9
Unarmed Combat | 3 |  3.6
Shapeshifting  | 5 6 |  6.7

Action                     |  1- 3 |  4- 6 || total
---------------------------+-------+-------++-------
  Melee: Unarmed           |    49 |    88 ||   137
         Short sword       |    33 |     9 ||    42
         Punch             |     2 |       ||     2
         Quarterstaff      |       |    43 ||    43
Ability: Begin Untransform |       |     1 ||     1
    Use: Scroll            |       |     8 ||     8
         Potion            |       |     1 ||     1
   Stab: Sleeping          |     2 |       ||     2
 Armour: Animal skin       |    14 |    58 ||    72
  Dodge: Dodged            |    54 |    90 ||   144
   Form: Beast             |       |     1 ||     1
         Flux              |       |     1 ||     1

Table legend: (Time is in decaauts)
 A = Elapsed time spent in this place.
 B = Non-inter-level travel time spent in this place.
 C = Inter-level travel time spent in this place.
 D = Time resting spent in this place.
 E = Time spent auto-exploring this place.
 F = Levels seen in this place.
 G = Mean time per level.
                   A        B        C        D        E       F      G
               +--------+--------+--------+--------+--------+-----+--------+
         Total |   2479 |   2424 |     55 |    356 |   1429 |   5 |  495.8 |
       Dungeon |   2479 |   2424 |     55 |    356 |   1429 |   5 |  495.8 |
               +--------+--------+--------+--------+--------+-----+--------+

Top non-repeatable levels by time:
     D:4: 788 daAuts
     D:2: 597 daAuts
     D:3: 579 daAuts
     D:1: 483 daAuts
     D:5: 31 daAuts
